 Dungeon Crawl Stone Soup version 0.22-b1-21-g5cfc168 (webtiles) character file.

13160 wojtek the Cleaver (level 11, -5/94 HPs)
             Began as a Minotaur Fighter on Aug 2, 2018.
             Was a Priest of Makhleb.
             Slain by a blink frog (13 damage)
             ... on level 1 of the Lair of Beasts.
             The game lasted 00:18:47 (12568 turns).

wojtek the Cleaver (Minotaur Fighter)              Turns: 12568, Time: 00:18:48

Health: -5/94      AC: 13    Str: 24    XL:     11   Next: 71%
Magic:  16/16      EV:  9    Int:  5    God:    Makhleb [***...]
Gold:   1054       SH: 11    Dex: 10    Spells: 10/10 levels left

rFire    + . .     SeeInvis .   a - +0 war axe
rCold    + . .     Gourm    .   c - +0 shield
rNeg     . . .     Faith    .   G - +0 chain mail
rPois    .         Spirit   .   (helmet restricted)
rElec    .         Reflect  .   S - +0 cloak
rCorr    .         Harm     .   (no gloves)
MR       .....                  h - +0 pair of boots
Stlth    ..........             (no amulet)
HPRegen  0.25/turn              p - ring of protection from cold
MPRegen  0.15/turn              N - ring of protection from fire

@: no status effects
A: retaliatory headbutt, horns 2
a: Minor Destruction, Lesser Servant of Makhleb, Renounce Religion


You were on level 1 of the Lair of Beasts.
You worshipped Makhleb.
Makhleb was most pleased with you.
You were hungry.

You visited 2 branches of the dungeon, and saw 13 of its levels.
You also visited: Sewer and Ossuary.

You collected 1054 gold pieces.

Inventory:

Hand Weapons
 a - a +0 war axe (weapon)
 b - a +2 antimagic hand axe
Missiles
 z - 2 throwing nets (quivered)
Armour
 c - a +0 shield (worn)
 h - a +0 pair of boots (worn)
 G - a +0 chain mail (worn)
 S - a +0 cloak (worn)
Jewellery
 m - an uncursed ring of stealth
 p - a ring of protection from cold (left hand)
 q - a +3 ring of dexterity
 N - a ring of protection from fire (right hand)
Wands
 k - a wand of disintegration (5)
 s - a wand of enslavement (13)
 C - a wand of paralysis (10)
 D - a wand of scattershot (1)
 L - a wand of polymorph (12)
 M - a wand of flame (15)
 P - a wand of iceblast (15)
Scrolls
 g - a scroll of noise {unknown}
 i - 7 scrolls of magic mapping
 l - 3 scrolls of identify
 t - 4 scrolls of remove curse
 u - 4 scrolls of immolation
 y - 4 scrolls of fear
 E - 8 scrolls of teleportation
 H - 2 scrolls of blinking {unknown}
 I - a scroll of enchant armour {unknown}
 K - a scroll of enchant weapon {unknown}
 Q - a scroll of fog {unknown}
Potions
 d - 4 potions of might
 e - 2 potions of heal wounds
 j - 3 potions of lignification
 n - 6 potions of flight
 o - 2 potions of cancellation {unknown}
 r - a potion of berserk rage {unknown}
 v - 6 potions of agility {unknown}
 w - 2 potions of brilliance {unknown}
 x - 2 potions of haste {unknown}
 A - 3 potions of degeneration {unknown}
 F - a potion of invisibility {unknown}
 J - 4 potions of curing {unknown}
 O - a potion of ambrosia {unknown}
 R - a potion of mutation {unknown}
Comestibles
 f - 17 rations


   Skills:
 + Level 8.3 Fighting
 * Level 12.2 Axes
 + Level 8.2 Armour
 + Level 6.7 Dodging
 + Level 8.3 Shields
 * Level 8.4 Invocations
 + Level 5.0 Evocations


You had 10 spell levels left.
You didn't know any spells.
Your spell library contained the following spells:

 Spells                   Type           Power        Failure   Level  Hunger
 Fireball                 Conj/Fire      #.........   100%        5    ######.
 Conjure Flame            Conj/Fire      #.......     100%        3    ####...
 Throw Flame              Conj/Fire      #.....       100%        2    ###....
 Sticky Flame             Conj/Fire      #.......     100%        4    #####..
 Flame Tongue             Conj/Fire      #....        100%        1    ##.....
 Inner Flame              Hex/Fire       #.......     100%        3    ####...


Dungeon Overview and Level Annotations

Branches:
Dungeon (11/15)            Temple (0/1) D:4            Lair (2/6) D:9
    Orc (0/2) D:10
  Swamp: Lair:2-4    Shoals: Lair:2-4     Snake: Lair:2-4    Spider: Lair:2-4

Altars:
Elyvilon
Fedhas
Makhleb

Shops:
D:5 }


Innate Abilities, Weirdness & Mutations

You reflexively headbutt those who attack you in melee.
You have a pair of horns on your head.


Message History

The blink frog is heavily wounded.
You miss the blink frog. The blink frog barely misses you. x2
You completely miss the blink frog.
The blink frog is heavily wounded.
You slash the blink frog! The blink frog hits you!
* * * LOW HITPOINT WARNING * * *
The blink frog hits you!
* * * LOW HITPOINT WARNING * * *
You block the blink frog's attack.
You miss the blink frog. You headbutt the blink frog!
The blink frog is almost dead.
You slash the blink frog!
The blink frog hits you but does no damage.
You block the blink frog's attack. The blink frog hits you.
* * * LOW HITPOINT WARNING * * *
Unknown command.
You closely miss the blink frog.
The blink frog is almost dead.
You barely miss the blink frog. The blink frog hits you!
You die...

########....#####..##......#P..##
.#....##...#####.#.##.....###.###
.#....##...##.......#.....# #.##.
.#.....+...#P......##.....###....
##....#(...#.......##.....#.#...#
......#....#..###.##............#
##....##....+##.8.###.....#######
##....##...###.....##.....# ###
########....##8.@F8##.....#####.#
..#.##P........F...#.............
.............##....#.............
.............#..+#.#.............
...........#.#......#............
##.####..###...........#...##.+##
.......###.....#.##.....#..#.....
........#....#....#..#..#..#.....
.......#..##.........#...#.......


You could see 2 blink frogs.

Vanquished Creatures
  Harold (D:7)
  2 two-headed ogres
  2 unseen horrors
  A cyclops (D:10)
  A black mamba (Lair:1)
  2 spiny frogs
  A queen bee (D:8)
  3 hippogriffs (D:9)
  Prince Ribbit (D:7)
  8 blink frogs (Lair:1)
  Sigmund (D:5)
  Grum (D:8)
  3 porcupines
  2 sky beasts
  4 orc warriors
  4 ice beasts
  3 ogres
  2 phantoms
  3 wolves (D:8)
  5 crocodiles
  6 bullfrogs
  A big kobold (D:8)
  3 scorpions
  22 killer bees
  5 wights (D:7)
  3 howler monkeys (D:9)
  An electric eel (D:10)
  2 crimson imps
  3 centaur zombies
  A jelly (D:3)
  A quasit (D:7)
  A bullfrog zombie (D:6)
  6 orc priests
  Crazy Yiuf (D:7)
  3 bullfrog skeletons
  2 centaur skeletons (D:4)
  4 hounds
  3 iguanas
  Terence (D:2)
  10 orc wizards
  12 worker ants
  A killer bee zombie (D:7)
  2 big kobold zombies (Ossuary)
  2 hound skeletons (D:4)
  8 mummies (Ossuary)
  Robin (D:2)
  A worker ant zombie (D:11)
  A howler monkey skeleton (D:6)
  17 adders
  A shadow imp (D:11)
  An ooze (D:3)
  An adder skeleton (D:5)
  A worm (D:2)
  3 dart slugs
  9 leopard geckos
  50 orcs
  A ball python (D:2)
  10 giant cockroaches
  14 goblins
  10 hobgoblins
  13 jackals
  2 quokkas
  17 bats
  3 frilled lizards
  A gnoll zombie (Ossuary)
  3 hobgoblin zombies (Ossuary)
  11 kobolds
  2 kobold zombies (Ossuary)
  2 quokka skeletons
  A quokka zombie (D:5)
  10 rats
340 creatures vanquished.

Notes
Turn   | Place    | Note
-------+----------+-------------------------------------------
     0 | D:1      | wojtek the Minotaur Fighter began the quest for the Orb.
     0 | D:1      | Reached XP level 1. HP: 19/19 MP: 0/0
   275 | D:1      | Reached skill level 3 in Axes
   361 | D:1      | Reached XP level 2. HP: 26/26 MP: 1/1
   612 | D:1      | Reached skill level 4 in Axes
   638 | D:1      | Reached XP level 3. HP: 31/31 MP: 2/2
   927 | D:2      | Noticed Robin
  1059 | D:1      | Reached skill level 5 in Axes
  1124 | D:2      | Killed Robin
  1124 | D:2      | Reached XP level 4. HP: 38/39 MP: 3/3
  1571 | D:2      | You fall through a shaft!
  1571 | D:3      | Found a glowing drain.
  1590 | Sewer    | Entered a sewer
  1634 | Sewer    | Noticed a crocodile
  1643 | Sewer    | Killed a crocodile
  1643 | Sewer    | Reached skill level 6 in Axes
  1643 | Sewer    | Reached XP level 5. HP: 23/45 MP: 4/4
  1993 | D:3      | Reached skill level 7 in Axes
  2200 | D:3      | Reached skill level 1 in Dodging
  2200 | D:3      | Reached XP level 6. HP: 31/52 MP: 5/5
  2442 | D:2      | Noticed Terence
  2445 | D:2      | Killed Terence
  3287 | D:3      | Found a burning altar of Makhleb.
  3289 | D:3      | Found a blossoming altar of Fedhas.
  3295 | D:3      | Became a worshipper of Makhleb the Destroyer
  3640 | D:4      | Reached skill level 1 in Invocations
  3667 | D:4      | Reached XP level 7. HP: 51/60 MP: 6/6
  3812 | D:4      | Found a staircase to the Ecumenical Temple.
  4240 | D:5      | Entered Level 5 of the Dungeon
  4346 | D:5      | Reached skill level 8 in Axes
  4357 | D:5      | Found Ineb's Gadget Shop.
  4376 | D:5      | Reached * piety under Makhleb
  4407 | D:5      | Noticed Sigmund
  4419 | D:5      | Killed Sigmund
  4739 | D:6      | Reached XP level 8. HP: 59/67 MP: 7/9
  4812 | D:6      | Reached skill level 1 in Evocations
  4840 | D:6      | Reached skill level 5 in Fighting
  4847 | D:6      | Reached skill level 5 in Shields
  4880 | D:6      | Reached skill level 5 in Armour
  4999 | D:6      | Found a white marble altar of Elyvilon.
  5429 | D:7      | Reached skill level 9 in Axes
  5477 | D:7      | Noticed Harold
  5553 | D:8      | Found a sand-covered staircase.
  5558 | Ossuary  | Entered an ossuary
  5570 | Ossuary  | Reached ** piety under Makhleb
  6004 | D:8      | Reached XP level 9. HP: 74/74 MP: 11/11
  6029 | D:8      | Noticed a two-headed ogre
  6037 | D:8      | Killed a two-headed ogre
  6041 | D:8      | Noticed Grum
  6048 | D:8      | Reached skill level 5 in Invocations
  6078 | D:8      | Killed Grum
  6082 | D:8      | Reached skill level 10 in Axes
  6447 | D:8      | Noticed a queen bee
  6466 | D:8      | Killed a queen bee
  6489 | D:8      | Reached XP level 10. HP: 39/84 MP: 13/13
  6498 | D:8      | Reached *** piety under Makhleb
  6518 | D:8      | Reached skill level 5 in Dodging
  7325 | D:9      | Noticed a two-headed ogre
  7341 | D:9      | Killed a two-headed ogre
  7543 | D:9      | Reached skill level 11 in Axes
  7704 | D:9      | Found a staircase to the Lair.
  7874 | D:10     | Entered Level 10 of the Dungeon
  8036 | D:10     | HP: 2/86 [something (5)]
  8048 | D:10     | Killed an unseen horror
  8450 | D:10     | Reached XP level 11. HP: 76/92 MP: 15/15
  8537 | D:10     | Found a staircase to the Orcish Mines.
  8993 | D:11     | Reached **** piety under Makhleb
  9373 | D:11     | Killed an unseen horror
 10267 | D:7      | Noticed Prince Ribbit
 10273 | D:7      | Killed Prince Ribbit
 10526 | D:7      | Killed Harold
 10693 | D:7      | Found a runed door.
 10697 | D:7      | Noticed Crazy Yiuf
 10700 | D:7      | Killed Crazy Yiuf
 10851 | Lair:1   | Entered Level 1 of the Lair of Beasts
 11137 | Lair:1   | Reached skill level 12 in Axes
 12341 | Lair:2   | Reached skill level 5 in Evocations
 12568 | Lair:1   | Slain by a blink frog

Skill      XL: |  1  2  3  4  5  6  7  8  9 10 11 |
---------------+----------------------------------+-----
Axes           | 3 4 5 6 7 8 9 10 11 12 | 12.2
Dodging        | 1 2 3 4 5 6 |  6.7
Fighting       | 4 5 6 7 8 |  8.3
Armour         | 4 5 6 7 8 |  8.2
Shields        | 4 5 6 7 8 |  8.3
Invocations    | 1 2 4 5 7 8 |  8.4
Evocations     | 2 3 4 5 |  5.0

Action                   |  1- 3 |  4- 6 |  7- 9 | 10-12 || total
-------------------------+-------+-------+-------+-------++-------
Melee: War axe           |    97 |   207 |   285 |   504 ||  1093
       Headbutt          |    16 |    25 |    77 |    84 ||   202
Invok: Lesser Servant of |       |       |       |     1 ||     1
Evoke: Wand              |       |       |     8 |     4 ||    12
  Use: Scroll            |       |       |     7 |     4 ||    11
       Potion            |       |       |     2 |     1 ||     3
 Stab: Paralysed         |       |       |     4 |     3 ||     7
       Distracted        |       |       |       |     1 ||     1
  Eat: Chunk             |     1 |     8 |    10 |    12 ||    31
       Ration            |       |       |       |     2 ||     2
Armor: Scale mail        |    65 |    88 |    25 |       ||   178
       Chain mail        |       |       |    75 |   212 ||   287
Dodge: Dodged            |    30 |    66 |    91 |   150 ||   337
Block: Shield            |    73 |   108 |   153 |   301 ||   635
